 Dungeon Crawl Stone Soup version 0.23.2-30-g0e89c35649 (webtiles) character file.

Game seed: 372330750009824623

110 Mrkan the Skirmisher (level 4, 0/29 HPs)
             Began as a Gargoyle Fighter on June 23, 2019.
             Slain by an orc
             ... wielding a +0 long sword
              (4 damage)
             ... on level 3 of the Dungeon.
             The game lasted 00:02:15 (1568 turns).

Mrkan the Skirmisher (Gargoyle Fighter)             Turns: 1568, Time: 00:02:15

Health: 0/29       AC: 12    Str: 20    XL:     4   Next: 91%
Magic:  4/4        EV:  7    Int:  8    God:
Gold:   125        SH:  9    Dex: 10    Spells: 3/3 levels left

rFire    . . .     SeeInvis .   a - +0 flail
rCold    . . .     Gourm    .   c - +0 shield
rNeg     + . .     Faith    .   b - +0 scale mail
rPois    ∞         Spirit   .   (no helmet)
rElec    +         Reflect  .   u - +1 cloak
rCorr    .         Harm     .   (no gloves)
MR       .....                  (no boots)
Stlth    ..........             (no amulet)
HPRegen  0.09/turn              (no ring)
MPRegen  0.09/turn              (no ring)

@: no status effects
A: negative energy resistance 1, electricity resistance, unbreathing,
petrification resistance, rot immunity, AC +3
a: no special abilities


You were on level 3 of the Dungeon.
You were not hungry.

You visited 1 branch of the dungeon, and saw 3 of its levels.

You collected 125 gold pieces.

Inventory:

Hand Weapons
 a - a +0 flail (weapon)
Armour
 b - a +0 scale mail (worn)
 c - a +0 shield (worn)
 u - a +1 cloak (worn)
Jewellery
 e - an uncursed ring of flight {unknown}
 j - an uncursed ring of protection from cold {unknown}
 k - an uncursed amulet of harm {unknown}
Scrolls
 g - 4 scrolls of identify {unknown}
 h - 2 scrolls of fog {unknown}
 m - a scroll of enchant armour {unknown}
 n - a scroll of magic mapping {unknown}
 o - 2 scrolls of amnesia {unknown}
 p - a scroll of random uselessness {unknown}
 q - a scroll of noise {unknown}
 r - a scroll of remove curse {unknown}
Potions
 d - a potion of might
 i - a potion of curing {unknown}
 l - a potion of berserk rage {unknown}
 s - 2 potions of magic {unknown}
Comestibles
 f - 2 rations
 t - a chunk of flesh


   Skills:
 + Level 4.1 Fighting
 * Level 3.7 Maces & Flails
 - Level 3.2 Armour
 + Level 4.1 Shields


You had 3 spell levels left.
You didn't know any spells.
Your spell library was empty.

Dungeon Overview and Level Annotations

Branches:
Dungeon (3/15)

Altars:


Innate Abilities, Weirdness & Mutations

You are resistant to torment.
Your stone body is resilient. (AC +3)
You are immune to poison.
You resist negative energy. (rN+)
You are resistant to electric shocks. (rElec)
You can survive without breathing.
You are immune to petrification.
You are immune to rotting.


Message History

The bat moves out of view.
Items here: ! ) [ † a +0 dagger; a +0 ring mail; a golden potion; an orc corpse Unknown command.
You hear some strange, mumbled words.
A puff of flame appears from out of thin air!
You block the puff of flame.
You hear some strange, mumbled words.
A magic dart appears from out of thin air!
The magic dart hits you but does no damage.
The orc hits you but does no damage.
You closely miss the orc. Something hits you but does no damage.
You block the orc's attack.
You hear some strange, mumbled words.
A puff of frost appears from out of thin air!
The puff of frost hits you.
* * * LOW HITPOINT WARNING * * *
You hit the orc but do no damage. Something hits you but does no damage.
The orc hits you with a +0 long sword.
You die...

#####.#.######.....##.
<..#.#### #........
#####....# #........
####..#.####.).....
#.....#........<÷..
#.##.########.#'#+#
#.##...# #.#.#.#
###..S.#.# #.).#.#
#...@{.#.# #####.#
#.#..o.# # #.#
...#.##)# #.. ###
#.##.# ### ...#...#
#+#...#.# .......
..... ... ............


You could see an adder and an orc.

Vanquished Creatures
  An orc priest (D:3)
  2 adders
  2 worms (D:2)
  A leopard gecko (D:2)
  4 orcs (D:3)
  3 giant cockroaches
  8 goblins
  10 hobgoblins
  5 bats
  A frilled lizard (D:3)
  6 kobolds
  7 rats
50 creatures vanquished.

Notes
Turn   | Place    | Note
-------+----------+-------------------------------------------
     0 | D:1      | Mrkan the Gargoyle Fighter began the quest for the Orb.
     0 | D:1      | Reached XP level 1. HP: 14/14 MP: 1/1
   334 | D:1      | Reached XP level 2. HP: 17/19 MP: 2/2
   839 | D:2      | Reached XP level 3. HP: 23/23 MP: 3/3
  1410 | D:3      | Reached XP level 4. HP: 26/29 MP: 4/4
  1568 | D:3      | Slain by an orc

Skill      XL: |  1  2  3  4 |
---------------+-------------+-----
Maces & Flails | 3 |  3.7
Shields        | 4 |  4.1
Fighting       | 4 |  4.1
Armour         | |  3.2

Action                   |  1- 3 |  4- 6 || total
-------------------------+-------+-------++-------
Melee: Flail             |   136 |    28 ||   164
  Eat: Chunk             |     2 |       ||     2
Armor: Scale mail        |    76 |    22 ||    98
Dodge: Dodged            |    56 |     6 ||    62
Block: Shield            |    77 |    21 ||    98
